Map: [ESL] Data-C

Players

Neeb - Winner!

  • Race: Protoss Protoss
  • Spawn Location: 9:00

Namshar

  • Race: Zerg Zerg
  • Spawn Location: 3:00

Event: DreamHack SC2 Masters 2022 Atlanta (Online)

VOD

Have the link to the VOD?

Description

Time

  • Played on: Oct. 7, 2022, 3:50 p.m.
  • Length: 15:42

All games in this series

Show
View Real Time Build Order
Export as new Build Order

Neeb Protoss - Winner!

Build Orders: 1 Gate Expand, Oracle Opening 

Get SALT Encoding   

  12  0:00  Probe  
  13  0:12  Probe  
  14  0:19  Pylon  
  14  0:24  Probe  
  15  0:37  Probe (Chrono Boost)  
  15  0:40  Gateway  
  16  0:47  Probe (Chrono Boost)  
  16  0:49  Assimilator  
  17  0:52  Probe (Chrono Boost)  
  18  1:04  Probe  
  19  1:16  Probe  
  20  1:25  Nexus  
  20  1:35  Cybernetics Core  
  20  1:38  Probe  
  21  1:45  Assimilator  
  21  1:50  Probe  
  21  1:53  Pylon  
  22  2:02  Probe (Chrono Boost)  
  23  2:08  Adept (Chrono Boost)  
  23  2:12  Probe (Chrono Boost)  
  26  2:18  Probe  
  26  2:21  Stargate  
  27  2:28  Pylon  
  27  2:30  Probe  
  27  2:32  Adept (Chrono Boost)  
  30  2:38  Probe  
  30  2:40  Warp Gate  
  30  2:43  Probe  
  32  2:50  Probe  
  33  2:54  Adept  
  33  2:55  Probe  
  36  3:02  Probe  
  35  3:06  Oracle (Chrono Boost)  
  35  3:07  Probe  
  39  3:14  Probe  
  39  3:17  Pylon  
  41  3:20  Probe  
  41  3:22  Gateway  
  41  3:26  Probe  
  42  3:32  Probe  
  43  3:34  Oracle (Chrono Boost)  
  43  3:38  Probe  
  47  3:44  Probe  
  48  3:51  Nexus  
  48  3:52  Probe  
  49  3:59  Probe  
  49  4:00  Pylon  
  50  4:04  Probe  
  51  4:11  Probe, Assimilator  
  51  4:12  Assimilator  
  51  4:13  Gateway  
  51  4:16  Gateway  
  52  4:18  Probe  
  52  4:23  Shield Battery  
  53  4:27  Probe  
  53  4:28  Oracle  
  57  4:36  Probe  
  57  4:38  Stalker  
  60  4:47  Stalker  
  60  4:51  Pylon x2  
  62  4:57  Pylon  
  62  5:01  Pylon  
  62  5:02  Probe x2  
  62  5:03  Stalker  
  62  5:05  Probe  
  67  5:07  Stalker  
  67  5:12  Stalker x2  
  73  5:14  Probe  
  73  5:15  Probe  
  73  5:18  Probe  
  76  5:26  Probe  
  76  5:27  Probe  
  76  5:28  Twilight Council  
  78  5:29  Stalker  
  78  5:30  Probe  
  78  5:34  Stalker  
  83  5:37  Stalker  
  83  5:40  Stalker  
  83  5:42  Probe  
  88  5:45  Probe  
  88  5:49  Probe  
  90  5:54  Probe  
  92  5:57  Probe  
  92  6:01  Probe  
  92  6:02  Blink (Chrono Boost)  
  91  6:05  Forge  
  91  6:06  Probe, Stalker x2  
  91  6:08  Pylon  
  91  6:09  Probe  
  95  6:13  Probe  
  95  6:18  Probe  
  88  6:27  Oracle  
  88  6:29  Stalker x4  
  92  6:33  Gateway  
  92  6:35  Protoss Ground Weapons Level 1  
  92  6:37  Gateway x2  
  92  6:44  Gateway  
  92  6:45  Gateway  
  88  6:54  Stalker x3  
  90  6:55  Stalker  
  96  7:02  Nexus  
  96  7:06  Oracle  
  99  7:10  Pylon  
  102  7:19  Stalker x3  
  105  7:23  Stalker  
  107  7:30  Photon Cannon  
  107  7:32  Shield Battery  
  107  7:34  Pylon  
  110  7:43  Charge (Chrono Boost), Stalker x2  
  111  7:44  Probe x2  
  111  7:45  Probe  
  114  7:55  Zealot x6  
  114  7:56  Zealot, Probe  
  110  8:14  Probe  
  110  8:15  Probe  
  110  8:16  Probe x2  
  110  8:17  Zealot  
  110  8:18  Zealot x8  
  130  8:33  Oracle  
  130  8:39  Pylon  
  130  8:40  Assimilator  
  130  8:41  Robotics Facility, Stalker x5  
  140  8:45  Stalker  
  142  8:49  Stalker x2  
  142  8:51  Stalker  
  148  9:00  Protoss Ground Weapons Level 2, Pylon  
  143  9:21  Probe  
  140  9:24  Probe  
  140  9:28  Zealot x9  
  151  9:35  Probe x2  
  151  9:36  Immortal  
  149  9:39  Assimilator  
  139  9:47  Nexus  
  139  9:50  Stalker x5  
  143  9:55  Stalker x3  
  125  10:15  Immortal, Stalker x4  
  117  10:23  Stalker  
  117  10:24  Stalker x2  
  118  10:31  Stalker x2  
  120  10:37  Pylon  
  114  10:43  Stalker x4  
  110  10:54  Immortal (Chrono Boost)  
  110  10:57  Zealot x2  
  104  11:07  Pylon  
  104  11:08  Stalker x5  
  106  11:18  Pylon  
  106  11:19  Void Ray  
  106  11:21  Pylon  
  106  11:23  Stalker x2  
  105  11:31  Immortal (Chrono Boost)  
  104  11:33  Pylon  
  104  11:36  Probe  
  96  11:40  Stalker x2  
  95  11:47  Probe x2  
  95  11:51  Stalker x2  
  101  12:00  Immortal (Chrono Boost)  
  103  12:04  Probe x2  
  103  12:05  Probe  
  103  12:06  Zealot x2  
  103  12:08  Void Ray  
  114  12:15  Zealot x2  
  114  12:19  Probe x2  
  114  12:24  Pylon  
  114  12:26  Pylon  
  114  12:30  Nexus  
  114  12:32  Stalker, Pylon  
  114  12:33  Stalker  
  114  12:34  Observer  
  114  12:36  Templar Archives  
  119  12:50  Shield Battery, Zealot x2  
  121  12:57  Observer  
  122  13:00  Stalker x3  
  122  13:01  Stalker  
  122  13:02  Sentry  
  122  13:04  Probe  
  133  13:10  Probe  
  133  13:11  Probe  
  133  13:12  Pylon  
  131  13:16  Probe  
  132  13:22  Probe x2  
  132  13:24  Probe  
  132  13:26  High Templar, Pylon  
  132  13:27  Zealot, High Templar x3  
  139  13:29  Probe  
  139  13:32  Archon x2, Photon Cannon  
  139  13:33  Gateway  
  146  13:36  Gateway  
  146  13:37  Probe, Pylon  
  146  13:40  Probe x2  
  146  13:41  Probe  
  150  13:53  Stalker x3  
  156  13:55  Pylon  
  156  13:58  Photon Cannon  
  156  14:05  Warp Prism (Chrono Boost)  
  156  14:07  Zealot, High Templar x2  
  156  14:08  Zealot  
  166  14:12  Gateway x2  
  166  14:14  Archon  
  166  14:17  Zealot x3  
  172  14:25  Probe x2  
  172  14:26  Probe  
  172  14:28  High Templar x2  
  172  14:29  Zealot  
  181  14:32  Archon  
  181  14:44  Zealot x6  
  169  15:02  Probe x2  
  169  15:03  Probe  
  169  15:06  Robotics Bay  
  162  15:07  Robotics Facility  
  162  15:11  Stalker x8  
  150  15:25  Zealot x3  
  134  15:38  Zealot  
Show
View Real Time Build Order
Export as new Build Order

Namshar Zerg 

Build Orders: Hatch First 

Get SALT Encoding   

  12  0:00  Drone  
  13  0:12  Overlord  
  13  0:16  Drone  
  14  0:30  Drone x2  
  16  0:39  Drone  
  17  0:52  Hatchery  
  17  0:55  Drone  
  17  0:58  Drone  
  18  1:09  Extractor  
  17  1:14  Spawning Pool  
  17  1:17  Drone  
  17  1:21  Drone  
  18  1:28  Drone  
  20  1:40  Drone  
  20  1:51  Drone  
  21  2:00  Overlord  
  21  2:03  Queen x2  
  21  2:05  Zergling x2  
  26  2:11  Drone  
  26  2:13  Metabolic Boost  
  26  2:15  Drone  
  28  2:24  Drone  
  28  2:26  Drone  
  30  2:36  Zergling x2  
  31  2:37  Zergling x2  
  32  2:47  Hatchery  
  32  2:49  Queen  
  32  3:00  Drone x4  
  32  3:03  Overlord  
  35  3:15  Overlord  
  35  3:17  Spore Crawler  
  35  3:19  Drone  
  35  3:23  Drone  
  35  3:24  Drone  
  35  3:25  Drone  
  35  3:26  Drone x3  
  41  3:35  Drone  
  42  3:42  Overlord  
  42  3:45  Drone  
  42  3:48  Spore Crawler  
  42  3:51  Drone  
  42  3:52  Drone x2  
  45  3:58  Overlord x2  
  45  4:04  Drone  
  45  4:05  Drone x3  
  45  4:06  Drone  
  49  4:11  Queen  
  49  4:12  Drone  
  49  4:16  Drone x2  
  54  4:21  Queen  
  56  4:24  Spore Crawler  
  56  4:26  Drone x3  
  56  4:32  Roach Warren  
  56  4:36  Drone x5  
  56  4:42  Drone x3  
  56  4:45  Drone  
  57  4:50  Lair  
  57  4:52  Drone  
  58  4:55  Drone  
  58  4:56  Drone  
  58  4:58  Drone, Extractor x2  
  59  5:00  Drone  
  59  5:01  Drone  
  59  5:03  Drone x2  
  59  5:06  Drone  
  59  5:07  Drone x2  
  65  5:09  Extractor  
  65  5:11  Overlord  
  65  5:15  Overlord  
  65  5:16  Evolution Chamber  
  65  5:20  Drone x4  
  68  5:22  Extractor  
  68  5:24  Extractor  
  68  5:25  Drone x3  
  69  5:30  Drone x4  
  73  5:38  Overlord x2  
  73  5:40  Drone x3  
  76  5:43  Queen  
  76  5:46  Zergling x4  
  79  5:50  Zergling x2  
  79  5:55  Zergling x8  
  78  6:02  Zergling x8  
  79  6:05  Zergling x10  
  75  6:12  Zergling x2  
  75  6:17  Queen  
  73  6:22  Drone x3  
  73  6:25  Queen  
  72  6:28  Drone  
  72  6:29  Drone x3  
  72  6:30  Drone  
  76  6:37  Drone x5  
  81  6:41  Glial Reconstitution, Zerg Missile Weapons Level 1  
  80  6:50  Drone  
  80  6:52  Queen  
  80  7:03  Overlord x3  
  80  7:05  Drone  
  80  7:06  Drone, Hatchery  
  80  7:07  Drone  
  82  7:11  Overlord x2  
  82  7:12  Roach  
  82  7:13  Roach  
  86  7:19  Roach x3  
  92  7:31  Roach x5  
  92  7:33  Ravager  
  92  7:34  Ravager  
  92  7:35  Roach x4  
  112  7:37  Extractor  
  112  7:42  Ravager x3  
  112  7:43  Roach x4  
  122  7:49  Roach x2  
  126  7:54  Ravager x3  
  126  8:05  Roach x6  
  130  8:17  Hatchery  
  130  8:18  Roach x4  
  137  8:27  Drone  
  137  8:33  Overlord x4  
  138  8:35  Zerg Missile Weapons Level 2  
  138  8:38  Spore Crawler  
  137  8:46  Overlord x3  
  137  8:50  Ravager  
  137  8:51  Extractor  
  137  8:53  Roach x3  
  137  8:54  Queen  
  145  8:56  Roach x3  
  145  9:01  Roach x2  
  152  9:14  Roach x6  
  148  9:25  Roach  
  148  9:26  Roach x4  
  129  9:43  Roach x6  
  138  10:05  Roach x5  
  130  10:17  Roach x4  
  123  10:23  Ravager x3  
  123  10:24  Ravager  
  123  10:25  Ravager  
  124  10:42  Roach x6  
  104  10:53  Roach  
  104  10:54  Roach x3  
  108  11:02  Roach  
  108  11:03  Roach  
  97  11:11  Roach  
  97  11:12  Roach  
  94  11:24  Zergling x16  
  96  11:32  Zergling x2  
  89  11:38  Zergling x4  
  86  11:51  Zergling x6  
  86  11:53  Zergling x2  
  82  12:05  Drone x6  
  82  12:06  Drone x3  
  71  12:26  Queen, Roach x5  
  76  12:36  Roach x5  
  86  12:40  Ravager x2  
  88  12:48  Roach x3  
  93  12:53  Roach  
  95  13:01  Roach x3  
  101  13:10  Roach  
  101  13:11  Roach x2  
  95  13:15  Queen x2  
  95  13:19  Roach  
  103  13:20  Roach  
  101  13:34  Hatchery  
  101  13:38  Extractor  
  101  13:41  Drone x2  
  101  13:43  Roach x4  
  110  13:57  Drone x8  
  118  14:03  Queen  
  118  14:08  Ravager  
  118  14:09  Ravager  
  122  14:15  Drone x3  
  122  14:16  Roach  
  127  14:25  Roach x3  
  133  14:33  Drone x3, Extractor  
  133  14:34  Ravager  
  133  14:35  Ravager  
  133  14:37  Drone  
  138  14:44  Roach x3  
  130  15:04  Roach x6  
  137  15:12  Roach x5  
  113  15:22  Roach x4  
Tags
 
Add a new tag
Caveats
  • Supply blocks, unpowered buildings, or Contaminate may cause inaccurate times.
  • Supply counts are checked every 10 seconds.